 Dungeon Crawl Stone Soup version 0.32-a0-953-g508020473e (webtiles) character file.

Game seed: 16959855951542272988

231 Autsider the Cutter (level 6, 0/30 HPs)
             Began as a Vine Stalker Warper on Apr 16, 2024.
             Succumbed to Duvessa's poison
             ... on level 4 of the Dungeon.
             The game lasted 00:04:48 (2079 turns).

Autsider the Cutter (Vine Stalker Warper)           Turns: 2079, Time: 00:04:49

Health: 0/30       AC:  5    Str: 13    XL:     6   Next: 4%
Magic:  6/10       EV: 10    Int: 13    God:
Gold:   119        SH:  0    Dex: 16    Spells: 9/9 levels left

rFire   . . .        l - +1 rapier (drain)
rCold   . . .        (no shield)
rNeg    . . .        b - +0 leather armour
rPois   .            (no helmet)
rElec   .            v - +0 cloak
rCorr   .            (no gloves)
SInv    .            p - +0 pair of boots
Will    .....        (no amulet)
Stlth   ++           (no ring)
HPRegen 1.05/turn    (no ring)
MPRegen 0.12/turn

%: guardian spirit
@: lethally poisoned (0 -> -7)
A: fangs 2, regeneration 1, magic shield, antimagic bite, no potion heal 2
a: no special abilities


You were on level 4 of the Dungeon.
You visited 1 branch of the dungeon, and saw 4 of its levels.

You collected 119 gold pieces.

Inventory:

Hand Weapons
 a - a +0 short sword
 l - a +1 rapier of draining (weapon)
Missiles
 d - 7 darts of dispersal (quivered)
 q - 2 javelins
Armour
 b - a +0 leather armour (worn)
 o - the +0 ring mail of Burning Happiness {rElec rPois}
   (You found it on level 2 of the Dungeon)

   rElec:     It insulates you from electricity.
   rPois:     It protects you from poison.
 p - a +0 pair of boots (worn)
 v - a +0 cloak (worn)
Wands
 m - a wand of flame (12)
Scrolls
 c - a scroll of blinking
 e - a scroll of brand weapon {unknown}
 g - a scroll of enchant armour {unknown}
 i - 2 scrolls of teleportation {@r2}
 k - a scroll of butterflies {unknown}
 r - 2 scrolls of fog {unknown}
 t - a scroll of vulnerability {unknown}
 u - 2 scrolls of identify {unknown}
Potions
 f - 4 potions of invisibility {unknown}
 h - 2 potions of attraction {unknown}
 j - a potion of might {unknown}
 n - a potion of magic {unknown}
 s - a potion of haste {unknown}
 w - a potion of curing {unknown}


   Skills:
 - Level 1.7 Fighting
 * Level 4.6 Short Blades
 - Level 0.8 Throwing
 - Level 0.7 Armour
 - Level 1.5 Dodging
 + Level 4.1 Stealth
 - Level 2.1 Spellcasting
 - Level 3.0 Translocations


You had 9 spell levels left.
You didn't know any spells.
Your spell library contained the following spells:

 Spells                   Type           Power      Damage    Failure   Level
 Blink                    Tloc           18%        N/A       14%         2
 Lesser Beckoning         Tloc           18%        N/A       14%         2
 Maxwell's Portable Pile  Tloc           9%         2d(6-16)  28%         3
 Teleport Other           Tloc           9%         N/A       28%         3
 Vhi's Electric Charge    Tloc/Air       10%        N/A       86%         4


Dungeon Overview and Level Annotations

Branches:
Dungeon (4/15)
 Temple: D:4-7

Altars:

Annotations:
D:4 Dowan, Duvessa


Innate Abilities, Weirdness & Mutations

You have extremely sharp teeth.
Your natural rate of healing is unusually fast.
When hurt, damage is shared between your health and your magic reserves.
Your bite disrupts and absorbs the magic of your enemies.
Potions cannot restore your health.


Message History

Dowan hits you with a +0 dagger.
Duvessa says, "Where magic fails, the sword succeeds!"
Dowan points at you and mumbles some strange words.
The puff of flame misses you.
You hit Duvessa. You drain Duvessa. Your bite misses Duvessa.
Duvessa is lightly wounded.
Dowan hits you with a +0 dagger.
Duvessa hits you with a +0 short sword of venom.
You are poisoned.
You feel sick. Duvessa barely misses you.
You barely miss Duvessa.
Duvessa is lightly wounded.
You feel sick. Dowan hits you with a +0 dagger. Duvessa closely misses you.
You puncture Duvessa! You drain Duvessa.
Duvessa is heavily wounded.
You feel sick.
Dowan casts a spell at Duvessa.
Duvessa seems to speed up.
Duvessa hits you with a +0 short sword of venom.
You are more poisoned.
You hit Duvessa. You drain Duvessa.
Duvessa is severely wounded.
You feel very sick. Dowan hits you but does no damage.
Duvessa barely misses you.
You completely miss Duvessa.
Duvessa is severely wounded.
You feel very sick.
Duvessa hits you with a +0 short sword of venom.
* * * LOW HITPOINT WARNING * * *
You are lethally poisoned!
Dowan hits you with a +0 dagger.
Okay, then.
Blink to where?
Press: ? - help, Dir - move target
As you read the scroll of blinking, it crumbles to dust.
* * * LOW HITPOINT WARNING * * *
You feel very sick.
* * * LOW HITPOINT WARNING * * *
You feel very sick.
You die...

#...# #...# #...# #...#
#.############### #...#
................###...###
.........................
.........#########.......
........@.....# ###.#...
..........###+######.....
..###.###.........#######
. #.# #.........# #.#
#....†....####
###.###...e........#
#..........e.......#
#.#................#
#.#####.........####


You could see Duvessa (fast, very drained) and Dowan.

Vanquished Creatures
  A jelly (D:4)
  2 orc priests (D:4)
  4 adders
  2 dart slugs
  11 orcs
  8 ball pythons
  9 endoplasms
  3 giant cockroaches
  7 goblins
  11 hobgoblins
  4 jackals (D:1)
  3 quokkas
  4 bats
  3 frilled lizards
  3 kobolds (D:1)
  8 rats
83 creatures vanquished.

Notes
Turn   | Place    | Note
-------+----------+-------------------------------------------
     0 | D:1      | Autsider the Vine Stalker Warper began the quest for the
                  | Orb.
     0 | D:1      | Reached XP level 1. HP: 11/11 MP: 4/4
   113 | D:1      | Reached skill level 1 in Stealth
   113 | D:1      | Reached XP level 2. HP: 15/15 MP: 6/6
   365 | D:1      | Reached XP level 3. HP: 18/18 MP: 7/7
   939 | D:2      | Reached XP level 4. HP: 23/23 MP: 8/8
   984 | D:2      | Identified the +0 ring mail of Burning Happiness {rElec
                  | rPois}
  1237 | D:2      | Found a faded altar of an unknown god.
  1896 | D:4      | Reached XP level 5. HP: 26/26 MP: 7/9
  2028 | D:4      | Reached XP level 6. HP: 30/30 MP: 7/10
  2039 | D:4      | Noticed Dowan
  2051 | D:4      | Noticed Duvessa
  2079 | D:4      | Succumbed to Duvessa's poison

Illustrated notes

Levels and vault maps discovered:
D:1:      spicycebolla_arrival_clurvy, layout_loops_corners
D:2:      layout_rooms, shapermc_ecumenical_altar_petra
D:3:      layout_rooms, chequers_decorated_corner
D:4:      layout_basic, minmay_small_thing, uniq_duvessa

Skill      XL: |  1  2  3  4  5 |
---------------+----------------+-----
Short Blades   | 2 3 4 |  4.6
Stealth        | 1 2 3 4 |  4.1
Fighting       | |  1.7
Throwing       | |  0.8
Armour         | |  0.7
Dodging        | |  1.5
Spellcasting   | |  2.1
Translocations | |  3.0

Action                     |  1- 3 |  4- 6 || total
---------------------------+-------+-------++-------
  Melee: Short sword       |    95 |       ||    95
         Bite              |    30 |    17 ||    47
         Rapier            |    12 |    92 ||   104
    Use: Scroll            |       |     2 ||     2
   Stab: Sleeping          |     3 |     4 ||     7
 Armour: Leather armour    |    58 |    52 ||   110
  Dodge: Dodged            |    43 |    45 ||    88

Table legend: (Time is in decaauts)
 A = Elapsed time spent in this place.
 B = Non-inter-level travel time spent in this place.
 C = Inter-level travel time spent in this place.
 D = Time resting spent in this place.
 E = Time spent auto-exploring this place.
 F = Levels seen in this place.
 G = Mean time per level.
                   A        B        C        D        E       F      G
               +--------+--------+--------+--------+--------+-----+--------+
         Total |   2069 |   1927 |    142 |      0 |   1359 |   4 |  517.2 |
       Dungeon |   2069 |   1927 |    142 |      0 |   1359 |   4 |  517.2 |
               +--------+--------+--------+--------+--------+-----+--------+

Top non-repeatable levels by time:
     D:1: 861 daAuts
     D:2: 488 daAuts
     D:3: 452 daAuts
     D:4: 266 daAuts
